 Dungeon Crawl Stone Soup version 0.32-a0-616-g9348d4545b (webtiles) character file.

Game seed: 612835837711597026

21409 Aldia the Fighter (level 12, 0/110 HPs)
             Began as a Mountain Dwarf Reaver on Mar 5, 2024.
             Was a Believer of Qazlal.
             Killed from afar by a rime drake (7 damage)
             ... with an icy flash freeze
             ... on level 1 of the Lair of Beasts.
             The game lasted 00:28:38 (12020 turns).

Aldia the Fighter (Mountain Dwarf Reaver)          Turns: 12020, Time: 00:28:39

Health: 0/110      AC: 18    Str: 20    XL:     12   Next: 53%
Magic:  15/18      EV: 14    Int: 14    God:    Qazlal [**....]
Gold:   302        SH:  2    Dex:  8    Spells: 12/15 levels left

rFire   + . .        o - +8 lance "Wyrmbane" {slay drac, rPois rF+ rC+ AC+3}
rCold   + . .        (no shield)
rNeg    + . .        d - +0 chain mail
rPois   +            Q - +0 hat {Will+}
rElec   .            i - +0 cloak
rCorr   .            t - +0 pair of gloves
SInv    .            (no boots)
Will    ++...        q - amulet of magic regeneration Stlth
                     c - +5 ring of evasion
HPRegen 0.38/turn    F - ring of positive energy
MPRegen 0.56/turn

%: no passive effects
@: no status effects
A: runic magic, artefact enchanting
a: Renounce Religion, Upheaval


You were on level 1 of the Lair of Beasts.
You worshipped Qazlal.
Qazlal was pleased with you.
You visited 3 branches of the dungeon, and saw 13 of its levels.
You also visited: Ossuary.

You collected 537 gold pieces.
You spent 235 gold pieces at shops.

Inventory:

Hand Weapons
 o - the +8 lance "Wyrmbane" (weapon) {slay drac, rPois rF+ rC+ AC+3}
   (You found it on level 4 of the Dungeon)

   AC+3:      It affects your AC (+3).
   rF+:       It protects you from fire.
   rC+:       It protects you from cold.
   rPois:     It protects you from poison.
Missiles
 P - 3 curare-tipped darts (quivered)
Armour
 d - a +0 chain mail (worn)
 i - a +0 cloak (worn)
 k - a +1 ring mail of fire resistance
 t - a +0 pair of gloves (worn)
 Q - a +0 hat of willpower (worn)
Jewellery
 c - a +5 ring of evasion (left hand)
 q - an amulet of magic regeneration (around neck)
 F - a ring of positive energy (right hand)
 N - a ring of ice
 O - a ring of protection from fire
Wands
 e - a wand of charming (8)
 p - a wand of flame (41)
 L - a wand of light (7)
Scrolls
 f - a scroll of fear {unknown}
 j - 2 scrolls of enchant weapon
 m - 3 scrolls of teleportation
 n - a scroll of immolation
 r - 3 scrolls of revelation
 v - a scroll of torment {unknown}
 w - a scroll of acquirement {unknown}
 y - a scroll of enchant armour {unknown}
 z - 2 scrolls of vulnerability
 C - 2 scrolls of fog
 D - 2 scrolls of amnesia
 G - 2 scrolls of poison
 H - a scroll of blinking
 J - 5 scrolls of noise
Potions
 a - a potion of might {unknown}
 b - a potion of berserk rage {unknown}
 g - 2 potions of resistance
 h - 2 potions of heal wounds
 l - 11 potions of ambrosia
 s - 5 potions of curing
 u - a potion of invisibility {unknown}
 x - 3 potions of mutation {unknown}
 A - a potion of attraction {unknown}
 B - a potion of magic
 E - a potion of haste
 I - a potion of cancellation {unknown}
 K - 2 potions of lignification {unknown}
 M - a potion of brilliance


   Skills:
 + Level 11.6 Fighting
 - Level 5.8(10.5) Axes
 - Level 11.5(12.0) Polearms
 + Level 11.2 Armour
 - Level 1.3 Dodging
 - Level 2.0 Spellcasting
 - Level 2.6 Conjurations
 + Level 7.5 Necromancy
 * Level 8.3 Invocations


You had 12 spell levels left.
You knew the following spells:

 Your Spells              Type           Power      Damage    Failure   Level
b - Fugue of the Fallen   Necr           22%        N/A       4%          3

Your spell library contained the following spells:

 Spells                   Type           Power      Damage    Failure   Level
 Sublimation of Blood     Necr           22%        N/A       2%          2
 Kiss of Death            Conj/Necr      60%        2d10      4%          1
 Momentum Strike          Conj/Tloc      10%        3d8       30%         2
 Freeze                   Ice            4%         1d3       34%         1
 Summon Small Mammal      Summ           4%         N/A       34%         1
 Call Imp                 Summ           2%         N/A       47%         2
 Hailstorm                Conj/Ice       5%         3d5       52%         3
 Call Canine Familiar     Summ           1%         N/A       71%         3
 Frozen Ramparts          Ice            2%         1d1       71%         3
 Ozocubu's Armour         Ice            1%         N/A       71%         3
 Leda's Liquefaction      Alch/Erth      0%         N/A       98%         4
 Manifold Assault         Tloc           1%         N/A       98%         4
 Petrify                  Alch/Erth      1%         N/A       98%         4
 Summon Blazeheart Golem  Fire/Summ      1%         N/A       98%         4
 Vhi's Electric Charge    Tloc/Air       2%         N/A       98%         4
 Arcjolt                  Conj/Air       2%         1d12      99%         5
 Irradiate                Conj/Alch      2%         3d12      99%         5
 Lee's Rapid Deconstruct  Erth           0%         3d4*      100%        5
 Bombard                  Conj/Erth      2%         9d1       100%        6
 Plasma Beam              Fire/Air       0%         2x1d10    100%        6
 Summon Hydra             Summ           0%         N/A       100%        7
 Chain Lightning          Conj/Air       2%         3d3       100%        9
 Fire Storm               Conj/Fire      2%         8d1       100%        9
 Shatter                  Erth           0%         3d5*      100%        9


Dungeon Overview and Level Annotations

Branches:
Dungeon (11/15)            Temple (1/1) D:6            Lair (1/5) D:9
    Orc (0/2) D:9         Ossuary (visited)

Altars:
Ashenzari
Cheibriados
Dithmenos
Elyvilon
Fedhas
Gozag
Hepliaklqana
Kikubaaqudgha
Makhleb
Nemelex Xobeh
Okawaru
Qazlal
Ru
Sif Muna
Trog
Uskayaw
Vehumet
Wu Jian
Xom
Yredelemnul
Zin
The Shining One

Shops:
D:1 :   D:4 (   D:6 *=(*   D:7 ?   D:8 :   D:9 =   D:10 =([

Annotations:
Lair:1 DiddlyDoom's ghost, novice MiBe


Innate Abilities, Weirdness & Mutations

Your spellcasting is much less encumbered by armour.
You can use scrolls of enchantment on lesser artefacts.


Message History

You feel much better. The komodo dragon closely misses you.
DiddlyDoom's ghost hits you!
The rime drake bites you but does no damage.
Unknown command.
You barely miss the komodo dragon.
The komodo dragon is severely wounded.
The komodo dragon bites you!
* * * LOW HITPOINT WARNING * * *
You hit the komodo dragon.
The komodo dragon is severely wounded.
The rime drake barely misses you. DiddlyDoom's ghost closely misses you.
You puncture the komodo dragon!
The komodo dragon is almost dead.
The ice encasing you melts away. The komodo dragon bites you!!
* * * LOW HITPOINT WARNING * * *
The rime drake bites you.
* * * LOW HITPOINT WARNING * * *
Unknown command.
Aiming: Upheaval
Press: ? - help, Dir - move target, f - rime drake, p - DiddlyDoom's ghost
Aim: a rime drake
Okay, then.
Unknown command.
Aiming: Upheaval
Press: ? - help, Dir - move target, f - blink frog, p - rime drake
Aim: a blink frog (almost dead)
The ground shakes violently, spewing rubble!
The blast of rubble hits the blink frog!!
You kill the blink frog!
Qazlal accepts your kill.
The blast of rubble hits the rime drake!!
The rime drake is heavily wounded.
The blast of rubble hits the komodo dragon!
You kill the komodo dragon!
Qazlal accepts your kill.
DiddlyDoom's ghost hits you but does no damage.
The rime drake breathes ice at you. The icy flash freeze hits you!
You partially resist.
You die...

##.....## ### ##.......## ####
#### #.## ###....#....#
###..####...
##..###....###....##
#.....##.... #.....#...P#
##....####...###....
P.........### ###...###...#
##...
#P..........#####....###..##
#..#
###......#.....°.§.....#...#
#..#
#PP...........@..........###...
#....#....###'kW###..#.......÷.
##...###..#...†...#............
##..####..#.}.....#............
###...#
#P..#.##.##.#...........(
.##...#
##..#.##.##.#............
..#...#
#..#.##.##.#............
.....##
#..#..)![).#............ .....#
#.[#.......#............


You could see a rime drake (catching breath) and DiddlyDoom's ghost.

Vanquished Creatures
  Fannar (D:10)
  Josephine (D:10)
  A two-headed ogre (D:8)
  Urug (D:10)
  Sonja (D:10)
  Maurice (D:8)
  3 black mambas (Lair:1)
  3 cane toads (Lair:1)
  Maggie (D:9)
  Jeremiah (D:8)
  A kobold demonologist (D:9)
  6 komodo dragons
  A queen bee (D:10)
  A troll (D:10)
  A blink frog (Lair:1)
  A wyvern (D:7)
  4 wraiths
  A basilisk (Lair:1)
  21 yaks
  Grum (D:8)
  A steam dragon (D:10)
  3 vampire mosquitoes (D:11)
  9 water moccasins
  3 orc warriors
  A sky beast (D:7)
  3 black bears
  A hornet zombie (D:6)
  2 ice beasts (D:6)
  An ogre (D:5)
  3 wolves (D:8)
  9 centaurs
  3 phantoms
  3 kobold brigands
  11 bullfrogs
  3 gnoll sergeants
  A water moccasin zombie (D:6)
  14 wights
  41 killer bees
  8 howler monkeys
  15 bullfrog zombies
  6 hounds
  3 bullfrog skeletons (D:6)
  A centaur zombie (D:6)
  A jelly (D:4)
  A bombardier beetle (D:5)
  Crazy Yiuf (D:2)
  8 orc priests
  8 mummies (Ossuary)
  An iguana (D:6)
  10 orc wizards
  A killer bee zombie (D:6)
  4 crocodile zombies (Ossuary)
  3 hound zombies (Ossuary)
  6 howler monkey zombies (Ossuary)
  A howler monkey skeleton (D:6)
  6 adders
  12 gnolls
  A gnoll zombie (D:8)
  2 shadow imps (D:8)
  3 white imps
  2 dart slugs
  2 ribbon worms (D:2)
  35 orcs
  6 bats
  4 endoplasms
  A giant cockroach (D:4)
  5 goblins
  2 hobgoblins (D:4)
  2 jackals (D:1)
  7 quokkas
  5 ball pythons
  4 ball python zombies (Ossuary)
  3 frilled lizards
  16 kobolds
  3 rats
363 creatures vanquished.

Vanquished Creatures (others)
  A water moccasin (D:9)
  A howler monkey (D:10)
  An orc (D:10)
3 creatures vanquished.

Grand Total: 366 creatures vanquished

Notes
Turn   | Place    | Note
-------+----------+-------------------------------------------
     0 | D:1      | Aldia the Mountain Dwarf Reaver began the quest for the
                  | Orb.
     0 | D:1      | Reached XP level 1. HP: 17/17 MP: 3/3
    19 | D:1      | Found Xoh Yfol's Book Emporium.
   258 | D:1      | Reached XP level 2. HP: 25/25 MP: 4/4
   717 | D:2      | Reached skill level 1 in Necromancy
   748 | D:2      | Found a hide-covered altar of Uskayaw.
   785 | D:2      | Reached XP level 3. HP: 17/30 MP: 4/6
  1069 | D:2      | Reached skill level 1 in Armour
  1482 | D:2      | Found a runed translucent door.
  1483 | D:2      | Noticed Crazy Yiuf
  1526 | D:2      | Killed Crazy Yiuf
  1527 | D:2      | Reached XP level 4. HP: 32/37 MP: 5/7
  2132 | D:4      | Reached XP level 5. HP: 44/45 MP: 8/8
  2151 | D:4      | Reached skill level 5 in Axes
  2328 | D:4      | Reached XP level 6. HP: 52/52 MP: 9/9
  2638 | D:4      | Found the +8 lance "Wyrmbane" {slay drac, rPois rF+ rC+
                  | AC+3}
  2812 | D:4      | Reached skill level 1 in Polearms
  2817 | D:4      | Reached XP level 7. HP: 59/60 MP: 10/10
  2915 | D:4      | Found Wumaoh's Firing Range.
  3092 | D:4      | Found an iron altar of Okawaru.
  3160 | D:5      | Entered Level 5 of the Dungeon
  3361 | D:5      | Found a blossoming altar of Fedhas.
  3367 | D:5      | Found an ancient bone altar of Kikubaaqudgha.
  3370 | D:5      | Found a shimmering blue altar of Sif Muna.
  3370 | D:5      | Found a sparkling altar of Nemelex Xobeh.
  3394 | D:5      | Reached skill level 5 in Fighting
  3408 | D:5      | Found a basalt altar of Yredelemnul.
  3463 | D:5      | Reached XP level 8. HP: 68/68 MP: 11/11
  3636 | D:5      | Found a sand-covered staircase.
  3641 | Ossuary  | Entered an ossuary
  3728 | Ossuary  | Reached skill level 5 in Armour
  3760 | Ossuary  | Reached skill level 5 in Polearms
  4460 | D:6      | Found Xygi's Antique Weapon Shoppe.
  4548 | D:6      | Found Ciliume's Jewellery Shoppe.
  4563 | D:6      | Reached XP level 9. HP: 78/78 MP: 12/12
  4983 | D:6      | Found Oneeca Hint's General Store.
  4991 | D:6      | Bought a scroll of identify for 24 gold pieces
  4991 | D:6      | Bought a scroll of poison for 48 gold pieces
  5005 | D:6      | You fall into a shaft and drop 3 floors!
  5005 | D:9      | Found Ihorusk's Jewellery Shop.
  5220 | D:8      | Found a transporter.
  5274 | D:8      | Learned a level 3 spell: Fugue of the Fallen
  5530 | D:6      | Found a staircase to the Ecumenical Temple.
  5535 | Temple   | Entered the Ecumenical Temple
  5801 | D:6      | Found Wunem's Assorted Antiques.
  5804 | D:6      | Bought a scroll labelled ZARPHE CEUNUMELEPE for 27 gold
                  | pieces
  5804 | D:6      | Bought a glowing black potion for 24 gold pieces
  5900 | D:7      | Found a glowing silver altar of Zin.
  5900 | D:7      | Found an opulent altar of Gozag.
  6071 | D:7      | Found Miydaclakh's Magic Scroll Boutique.
  6079 | D:7      | Bought a scroll of vulnerability for 56 gold pieces
  6079 | D:7      | Bought a scroll of identify for 28 gold pieces
  6079 | D:7      | Bought a scroll of identify for 28 gold pieces
  6347 | D:8      | Found a transporter.
  6391 | D:8      | Reached XP level 10. HP: 88/88 MP: 13/13
  6397 | D:8      | Noticed Maurice
  6401 | D:8      | Maurice stole 126 gold
  6421 | D:8      | Killed Maurice
  6520 | D:8      | Found a shadowy altar of Dithmenos.
  6673 | D:8      | Noticed a two-headed ogre
  6685 | D:8      | Killed a two-headed ogre
  6723 | D:8      | Noticed a walking frostbound tome
  6725 | D:8      | Found Cuiro's Book Emporium.
  6727 | D:8      | Noticed a walking earthen tome
  6862 | D:8      | Noticed Grum
  6877 | D:8      | Killed Grum
  6979 | D:8      | Noticed Jeremiah
  7000 | D:8      | Killed Jeremiah
  7001 | D:8      | Reached skill level 10 in Polearms
  7425 | D:10     | Entered Level 10 of the Dungeon
  7444 | D:10     | Noticed Sonja
  7458 | D:9      | Found a staircase to the Orcish Mines.
  7682 | D:9      | Noticed Maggie
  7709 | D:9      | Killed Maggie
  7710 | D:9      | Reached XP level 11. HP: 58/97 MP: 14/14
  7726 | D:9      | Found a staircase to the Lair.
  8572 | D:10     | Noticed Josephine
  8585 | D:10     | Killed Josephine
  8598 | D:10     | Reached skill level 10 in Fighting
  8683 | D:10     | Found Inygikex's Jewellery Shoppe.
  8729 | D:10     | Found Niysuit's Weapon Shop.
  8769 | D:10     | Reached skill level 5 in Necromancy
  8800 | D:10     | Reached skill level 10 in Armour
  8948 | D:10     | Found a stormy altar of Qazlal.
  9044 | D:10     | Became a worshipper of Qazlal Stormbringer
  9066 | D:10     | Found Vohir's Armour Shop.
  9092 | D:10     | Reached skill level 1 in Invocations
  9152 | D:10     | Noticed Urug
  9189 | D:10     | Killed Urug
  9266 | D:10     | Reached * piety under Qazlal
  9312 | D:10     | Killed Sonja
  9651 | D:10     | Noticed Fannar
  9679 | D:10     | Killed Fannar
  9680 | D:10     | Reached skill level 5 in Invocations
  9680 | D:10     | Reached XP level 12. HP: 80/110 MP: 15/15
 10190 | D:11     | Noticed a death knight
 10568 | Lair:1   | Entered Level 1 of the Lair of Beasts
 10680 | Lair:1   | Found a runed translucent gate.
 10681 | Lair:1   | Found a runed translucent gate.
 10682 | Lair:1   | Found a runed translucent gate.
 10682 | Lair:1   | Noticed DiddlyDoom's ghost (novice MiBe)
 11022 | Lair:1   | Reached ** piety under Qazlal
 12020 | Lair:1   | Killed from afar by a rime drake

Illustrated notes

Levels and vault maps discovered:
D:1:      lightli_arrival_quake, layout_loops_ring, serial_rivers,
          chequers_serial_rivers_micro_b, chequers_serial_rivers_large_b,
          chequers_serial_rivers_small_a, chequers_serial_rivers_marsh,
          serial_shops, shop
D:2:      layout_loops_ring, basic_altar, uniq_crazy_yiuf_cottage
D:3:      layout_rooms
D:4:      layout_basic, okawaru_ov_weapons_minmay, supply_closet_lemuel,
          minivault_26, nicolae_shop_firing_range
D:5:      layout_loops_ring, nicolae_overflow_hallway_of_the_gods,
          enter_ossuary_2, hangedman_decor_slide_cut
D:6:      layout_loops_ring, temple_doors_cd, serial_shops, shop,
          kennysheep_mini_moat, shop, nicolae_shop_hallway_stairs,
          serial_undead, serial_undead_a, serial_undead_d, serial_undead_d,
          serial_undead_f, serial_undead_b, serial_undead_a
D:7:      layout_rooms, grunt_temple_overflow_gold_and_silver, serial_shops,
          shop
D:8:      gammafunk_cloud_chamber, layout_basic, nicolae_dithmenos_the_darkroom,
          serial_shops, nicolae_shop_mannequins, uniq_jeremiah, uniq_grum,
          uniq_maurice
D:9:      layout_roguey, due_lair_maze_entry_diamond, orc_0_dummy, serial_shops,
          shop_fountains, uniq_maggie
D:10:     layout_roguey [special_room_bee], nicolae_qazlal_general_emergency,
          serial_shops, nicolae_shop_bloodbath_and_beyond, shop,
          nicolae_shop_crystal, uniq_urug, uniq_fannar, uniq_josephine,
          uniq_sonja
D:11:     layout_stronghold, fedhas_altar_fruit_tree
Temple:   hellmonk_temple_two_chambers
Lair:1:   layout_hall_layers, gammafunk_ghost_split,
          cheibrodos_lair_caveside_slide

Skill      XL: |  1  2  3  4  5  6  7  8  9 10 11 12 |
---------------+-------------------------------------+-----
Axes           | 4 5 |  5.8
Necromancy     | 1 2 3 4 6 7 |  7.5
Spellcasting   | 2 |  2.0
Fighting       | 3 4 5 6 8 9 11 | 11.6
Armour         | 1 2 3 4 5 7 9 10 11 | 11.2
Polearms       | 1 3 6 8 10 11 | 11.5
Invocations    | 5 8 |  8.3
Dodging        | |  1.3
Conjurations   | |  2.6

Action                     |  1- 3 |  4- 6 |  7- 9 | 10-12 || total
---------------------------+-------+-------+-------+-------++-------
  Melee: Hand axe          |    91 |   136 |       |       ||   227
         Lance             |       |    14 |   526 |   904 ||  1444
   Cast: Kiss of Death     |     1 |       |       |       ||     1
 Invoke: Upheaval          |       |       |       |     2 ||     2
  Evoke: Wand              |       |       |       |     3 ||     3
    Use: Scroll            |       |     3 |    13 |     4 ||    20
         Potion            |       |       |     1 |     6 ||     7
   Stab: Invisible         |       |       |       |     1 ||     1
 Armour: Leather armour    |    23 |       |       |       ||    23
         Chain mail        |    39 |    85 |   221 |   447 ||   792
  Dodge: Dodged            |    54 |   103 |   185 |   404 ||   746
  Block: Other             |       |       |       |    15 ||    15

Table legend: (Time is in decaauts)
 A = Elapsed time spent in this place.
 B = Non-inter-level travel time spent in this place.
 C = Inter-level travel time spent in this place.
 D = Time resting spent in this place.
 E = Time spent auto-exploring this place.
 F = Levels seen in this place.
 G = Mean time per level.
                   A        B        C        D        E       F      G
               +--------+--------+--------+--------+--------+-----+--------+
         Total |  11558 |  10915 |    643 |    393 |   8202 |  14 |  825.6 |
       Dungeon |   9826 |   9224 |    602 |    393 |   6869 |  11 |  893.3 |
        Temple |      1 |      1 |      0 |      0 |      0 |   1 |    1.0 |
          Lair |   1257 |   1216 |     41 |      0 |   1064 |   1 | 1257.0 |
       Ossuary |    472 |    472 |      0 |      0 |    268 |   1 |  472.0 |
               +--------+--------+--------+--------+--------+-----+--------+

Top non-repeatable levels by time:
     D:8: 1303 daAuts
  Lair:1: 1257 daAuts
    D:10: 1247 daAuts
     D:9: 1244 daAuts
     D:4: 1050 daAuts
     D:2: 940 daAuts
     D:6: 905 daAuts
     D:1: 766 daAuts
     D:5: 755 daAuts
    D:11: 596 daAuts
     D:7: 545 daAuts
 Ossuary: 472 daAuts
     D:3: 470 daAuts
  Temple: 1 daAuts
